 Dungeon Crawl Stone Soup version 0.30-a0-723-gc1506a1cf0 (webtiles) character file.

Game seed: 13143524969192279116

21 ejparker the Grave Robber (level 2, -1/20 HPs)
             Began as a Ghoul Necromancer on Jan 28, 2023.
             Slain by a quokka (2 damage)
             ... on level 1 of the Dungeon.
             The game lasted 00:07:08 (429 turns).

ejparker the Grave Robber (Ghoul Necromancer)        Turns: 429, Time: 00:07:09

Health: -1/20      AC:  3    Str: 11    XL:     2   Next: 87%
Magic:  3/3        EV: 11    Int: 10    God:
Gold:   30         SH:  0    Dex:  9    Spells: 3/4 levels left

rFire   . . .      SeeInvis .    c - +0 dagger
rCold   + . .      Faith    .    (no shield)
rNeg    + + +      Spirit   .    e - +0 leather armour
rPois   ∞          Reflect  .    (no helmet)
rElec   .          Harm     .    (no cloak)
rCorr   .          Rampage  .    (no gloves)
Will    .....                    (no boots)
Stlth   ++                       (no amulet)
HPRegen 0.00/turn                g - +4 ring of slaying
MPRegen 0.08/turn                (no ring)

@: inhibited regen
A: claws 1, cold resistance 1, negative energy resistance 3, inhibited
regeneration, torment resistance 2, devour on kill
a: no special abilities


You were on level 1 of the Dungeon.
You visited 1 branch of the dungeon, and saw 1 of its levels.

You collected 30 gold pieces.

Inventory:

Hand Weapons
 c - a +0 dagger (weapon)
Armour
 a - a +0 robe
 e - a +0 leather armour (worn)
Jewellery
 g - a +4 ring of slaying (left claw)
Scrolls
 f - a scroll of identify {unknown}
 h - a scroll of enchant armour {unknown}
Potions
 b - a potion of magic
 d - a potion of might {unknown}


   Skills:
 + Level 0.3 Short Blades
 + Level 0.3 Armour
 + Level 2.0 Dodging
 + Level 2.3 Stealth
 + Level 0.2 Unarmed Combat
 + Level 1.7 Spellcasting
 + Level 4.4 Necromancy


You had 3 spell levels left.
You knew the following spells:

 Your Spells              Type           Power      Damage    Failure   Level
a - Necrotise             Necr           36%        1d5       7%          1

Your spell library contained the following spells:

 Spells                   Type           Power      Damage    Failure   Level
 Vampiric Draining        Necr           9%         2d6       21%         3
 Animate Dead             Necr           9%         N/A       54%         4
 Agony                    Necr           9%         N/A       88%         5


Dungeon Overview and Level Annotations

Branches:
Dungeon (1/15)

Altars:


Innate Abilities, Weirdness & Mutations

You are immune to poison.
You have sharp fingernails.
Your flesh is cold resistant. (rC+)
You are immune to negative energy. (rN+++)
You do not regenerate when monsters are visible.
You are immune to unholy pain and torment.
You thrive by killing the living.


Message History

Unknown command.
You enter the shallow water.
Moving in this stuff is going to be slow.
A rat comes into view.
You see here a scroll labelled VICAHA WOSUTO.
Okay, then.
Okay, then.
h - a scroll labelled VICAHA WOSUTO The kobold shouts!
You hit the rat.
You kill the rat!
You feel better.
The kobold throws a stone.
The stone barely misses you.
A quokka comes into view.
The kobold throws a stone.
The stone misses you.
The kobold throws a stone.
The stone hits you but does no damage. The kobold closely misses you.
You closely miss the kobold. The kobold hits you with a +0 whip.
The quokka misses you.
You hit the kobold.
The kobold is moderately wounded.
The kobold hits you with a +0 whip. The quokka barely misses you.
You miss the kobold.
The kobold is moderately wounded.
The kobold hits you with a +0 whip. The quokka bites you.
* * * LOW HITPOINT WARNING * * *
The quokka closely misses you.
The kobold throws a stone.
The stone hits you.
* * * LOW HITPOINT WARNING * * *
The quokka attacks as you move away! The quokka bites you.
* * * LOW HITPOINT WARNING * * *
A quokka is nearby!
You hit the quokka.
The quokka is moderately wounded.
The quokka barely misses you.
You barely miss the quokka.
The quokka is moderately wounded.
The quokka bites you but does no damage.
The quokka bites you.
You die...

### #..
#.###.###
#........ #@# #
#r#########'##
#.K..........##
#..............
#..............
#............##
#...†........#
#............#
#............#


You could see a quokka and a kobold.

Vanquished Creatures
  A dart slug (D:1)
  3 endoplasms (D:1)
  A giant cockroach (D:1)
  A goblin (D:1)
  4 hobgoblins (D:1)
  2 ball pythons (D:1)
  2 bats (D:1)
  A frilled lizard (D:1)
  2 rats (D:1)
17 creatures vanquished.

Vanquished Creatures (others)
  3 plants (D:1)
3 creatures vanquished.

Grand Total: 20 creatures vanquished

Notes
Turn   | Place    | Note
-------+----------+-------------------------------------------
     0 | D:1      | ejparker the Ghoul Necromancer began the quest for the Orb.
     0 | D:1      | Reached XP level 1. HP: 14/14 MP: 2/2
   254 | D:1      | Reached XP level 2. HP: 12/20 MP: 3/3
   427 | D:1      | HP: 1/20 [quokka (2)]
   429 | D:1      | Slain by a quokka

Illustrated notes

Levels and vault maps discovered:
D:1:      scummos_arrival_gate, layout_basic, serial_bayou_pond_b,
          minmay_pentomino_r2

Skill      XL: |  1 |
---------------+----+-----
Dodging        | 2 |  2.0
Short Blades   | |  0.3
Armour         | |  0.3
Stealth        | |  2.3
Unarmed Combat | |  0.2
Spellcasting   | |  1.7
Necromancy     | |  4.4

Action                     || total
---------------------------++-------
  Melee: Unarmed           ||    19
         Dagger            ||    52
         Punch             ||     2
 Armour: Robe              ||    13
         Leather armour    ||     8
  Dodge: Dodged            ||    68

Table legend: (Time is in decaauts)
 A = Elapsed time spent in this place.
 B = Non-inter-level travel time spent in this place.
 C = Inter-level travel time spent in this place.
 D = Time resting spent in this place.
 E = Time spent auto-exploring this place.
 F = Levels seen in this place.
 G = Mean time per level.
                   A        B        C        D        E       F      G
               +--------+--------+--------+--------+--------+-----+--------+
         Total |    430 |    430 |      0 |     25 |      0 |   1 |  430.0 |
       Dungeon |    430 |    430 |      0 |     25 |      0 |   1 |  430.0 |
               +--------+--------+--------+--------+--------+-----+--------+

Top non-repeatable levels by time:
     D:1: 430 daAuts
